 Dungeon Crawl Stone Soup version 0.18.1-48-g4cf74bf (webtiles) character file.

39 Heedrag the Sneak (level 3, 0/21 HPs)
             Began as a Kobold Assassin on Aug 13, 2016.
             Slain by a jackal (3 damage)
             ... on level 1 of the Dungeon.
             The game lasted 00:02:21 (827 turns).

Heedrag the Sneak (Kobold Assassin)                  Turns: 827, Time: 00:02:21

Health: 0/21       AC:  3    Str:  9    XL:     3   Next: 67%
Magic:  3/3        EV: 14    Int: 10    God:
Gold:   105        SH:  0    Dex: 17    Spells: 0 memorised, 2 levels left

rFire  . . .     SeeInvis .     a - +2 dagger
rCold  . . .     Gourm    .     c - +0 robe
rNeg   . . .     Faith    .     (shield restricted)
rPois  .         Spirit   .     (no helmet)
rElec  .         Dismiss  .     d - +0 cloak
rCorr  .         Reflect  .     (no gloves)
SustAt .         Harm     .     (no boots)
MR     .....                    l - amulet of inaccuracy (curse)
Stlth  ++++......               (no ring)
                                (no ring)

@: not resistant to hostile enchantments, stealthy
A: carnivore 3
a: no special abilities


You were on level 1 of the Dungeon.
You were completely stuffed.

You visited 1 branch of the dungeon, and saw 1 of its levels.

You collected 105 gold pieces.

Inventory:

Hand Weapons
 a - a +2 dagger (weapon)
 b - a +0 blowgun
Missiles
 e - 8 poisoned needles
 f - 2 curare-tipped needles
Armour
 c - a +0 robe (worn)
 d - a +0 cloak (worn)
Jewellery
 l - a cursed amulet of inaccuracy (around neck)
Scrolls
 i - 4 scrolls of identify {unknown}
 j - 2 scrolls of remove curse {unknown}
 n - a scroll of blinking {unknown}
Potions
 k - 2 potions of lignification {unknown}
 m - a potion of curing {unknown}
Comestibles
 g - a meat ration


   Skills:
 - Level 2.1 Fighting
 - Level 2.6 Short Blades
 + Level 3.3 Throwing
 - Level 1.2 Dodging
 + Level 6.2 Stealth


You had 2 spell levels left.
You didn't know any spells.

Dungeon Overview and Level Annotations

Branches:
Dungeon (1/15)

Altars:


Innate Abilities, Weirdness & Mutations

You are small and have problems with some larger weapons.
You are carnivorous and can eat meat at any time.


Message History

Tha jackal completely misses ye.
Ye barely miss tha jackal.
Tha jackal be severely wounded.
Tha jackal barely misses ye.
Tha jackal misses ye.
Tha jackal barely misses ye.
Ye closely miss tha jackal.
Tha jackal be severely wounded.
Tha jackal misses ye.
Tha jackal bites ye but does nay damage.
Ye closely miss tha jackal.
Tha jackal be severely wounded.
Tha jackal bites ye but does nay damage.
Tha jackal completely misses ye.
Ye barely miss tha jackal.
Tha jackal be severely wounded.
Tha jackal barely misses ye.
Tha jackal closely misses ye.
Tha jackal barely misses ye.
Ye completely miss tha jackal.
Tha jackal be severely wounded.
Tha jackal barely misses ye.
Tha jackal bites ye.
Ye die...

#.........# ##......
#.........######.......
#......................
######..........#######.....
#....#...........#######....
#...[).........#.....######.
#..).#.........#####....# #.
###.##....hh...# ####.# #.
#.###....@..## #.# ## #>#
##.....#### #.# #.###.........#
#.## # #.##..##.........# #..###
#................### ###...(
#..#######...........####...... #
######.#.....>#...##...... ####
#Z#.##'##.......#.........
Z#T#########...###...#.##........


You could see 2 jackals.

Vanquished Creatures
  2 dart slugs (D:1)
  2 giant cockroaches (D:1)
  3 goblins (D:1)
  9 hobgoblins (D:1)
  4 jackals (D:1)
  2 kobolds (D:1)
  5 bats (D:1)
  3 giant newts (D:1)
  2 rats (D:1)
32 creatures vanquished.

Notes
Turn   | Place    | Note
--------------------------------------------------------------
     0 | D:1      | Heedrag the Kobold Assassin began the quest for the Orb.
     0 | D:1      | Reached XP level 1. HP: 12/12 MP: 1/1
     6 | D:1      | Noticed a vampire
     7 | D:1      | Noticed a felid
     8 | D:1      | Noticed a ghoul
    10 | D:1      | Noticed a minotaur skeleton
    12 | D:1      | Noticed a troll
    14 | D:1      | Noticed a troll
    90 | D:1      | Reached XP level 2. HP: 17/17 MP: 2/2
   266 | D:1      | Reached skill level 6 in Stealth
   266 | D:1      | Reached XP level 3. HP: 5/21 MP: 3/3
   827 | D:1      | Slain by a jackal

Skill      XL: |  1  2  3 |
---------------+----------+-----
Stealth        | 6 |  6.2
Throwing       | 3 |  3.3
Fighting       | |  2.1
Short Blades   | |  2.6
Dodging        | |  1.2

Action                   || total
-------------------------++-------
Melee: Dagger            ||   132
 Fire: Blowgun           ||     7
 Stab: Sleeping          ||     8
  Eat: Chunk             ||     8
Armor: Robe              ||    32
Dodge: Dodged            ||   101
